 Dungeon Crawl Stone Soup version 0.31.0-32-g396128a36d (webtiles) character file.

Game seed: 6576234695860317931

772 mainiacjoe the Conjurer (level 7, -6/41 HPs)
             Began as an Octopode Earth Elementalist on Mar 30, 2024.
             Mangled by a gnoll
             ... wielding a +0 scythe
              (7 damage)
             ... on level 5 of the Dungeon.
             The game lasted 00:12:52 (4058 turns).

mainiacjoe the Conjurer (OpEE)                      Turns: 4058, Time: 00:12:53

Health: -6/41      AC:  1    Str:  8    XL:     7   Next: 83%
Magic:  14/22      EV: 13    Int: 19    God:
Gold:   80         SH:  0    Dex: 12    Spells: 6/14 levels left

rFire   . . .        b - +0 arbalest
rCold   . . .        (shield currently unavailable)
rNeg    + . .        (helmet restricted)
rPois   .            x - amulet of magic regeneration
rElec   .            j - ring of willpower
rCorr   .            q - ring of wizardry
SInv    .            e - ring "Wynnaro" {^Drain rN+ MP+9 Slay+3}
Will    +....        (no ring)
Stlth   ++++         (no ring)
HPRegen 0.26/turn    (no ring)
MPRegen 0.58/turn    (no ring)
                     (no ring)

%: wizardry (x1)
@: no status effects
A: almost no armour, amphibious, 8 rings, camouflage 1, gelatinous body 1,
(nimble swimmer 1), tentacles
a: no special abilities


You were on level 5 of the Dungeon.
You visited 1 branch of the dungeon, and saw 6 of its levels.

You collected 272 gold pieces.
You spent 192 gold pieces at shops.

Inventory:

Hand Weapons
 a - a +1 short sword of protection
 b - a +0 arbalest (weapon)
 m - a +0 spear
 t - a +2 dagger of draining
 v - a +2 dagger of speed
 y - a +0 sling
Missiles
 f - 6 boomerangs
 g - 26 stones
 r - 2 poisoned darts
Jewellery
 e - the ring "Wynnaro" (on tentacle) {^Drain rN+ MP+9 Slay+3}
   (You acquired it on level 6 of the Dungeon)

   [ring of magical power]

   Slay+3:    It affects your accuracy & damage with ranged weapons and melee
   (+3).
   rN+:       It protects you from negative energy.
   MP+9:      It affects your magic capacity (+9).
   ^Drain:    It drains your maximum health when unequipped.
 j - a ring of willpower (left tentacle)
 q - a ring of wizardry (right tentacle)
 x - an amulet of magic regeneration (around mantle)
Wands
 l - a wand of charming (8)
 s - a wand of quicksilver (3)
 w - a wand of polymorph (4)
Scrolls
 c - a scroll of vulnerability
 i - 2 scrolls of noise
 o - a scroll of immolation
 z - a scroll of enchant weapon
 A - a scroll of enchant armour
Potions
 d - 3 potions of curing
 h - a potion of invisibility
 k - a potion of magic
 n - 2 potions of heal wounds
 p - 3 potions of mutation
 u - a potion of lignification


   Skills:
 - Level 2.0 Dodging
 - Level 5.0 Stealth
 - Level 4.0 Spellcasting
 * Level 5.3 Conjurations
 + Level 5.2 Earth Magic


You had 6 spell levels left.
You knew the following spells:

 Your Spells              Type           Power      Damage    Failure   Level
a - Sandblast             Erth           46%        2d11      1%          1
b - Stone Arrow           Conj/Erth      46%        3d9       1%          3
c - Brom's Barrelling Bo  Conj/Erth      23%        2d4       6%          4

Your spell library contained the following spells:

 Spells                   Type           Power      Damage    Failure   Level
 Sting                    Conj/Alch      52%        1d6       1%          1
 Passwall                 Erth           23%        N/A       1%          3
 Dazzling Flash           Conj/Hex       26%        N/A       6%          3
 Ensorcelled Hibernation  Hex/Ice        6%         N/A       9%          2
 Mercury Vapours          Alch/Air       6%         N/A       9%          2
 Fugue of the Fallen      Necr           3%         N/A       16%         3
 Gell's Gravitas          Tloc           3%         N/A       16%         3
 Teleport Other           Tloc           3%         N/A       16%         3
 Volatile Blastmotes      Fire/Tloc      6%         2d10      16%         3
 Petrify                  Alch/Erth      13%        N/A       19%         4
 Anguish                  Hex/Necr       1%         N/A       45%         4
 Olgreb's Toxic Radiance  Alch           3%         N/A       45%         4
 Starburst                Conj/Fire      6%         6d4       94%         6
 Dispersal                Tloc           1%         N/A       100%        6
 Maxwell's Capacitive Co  Air            1%         ∞         100%        8


Dungeon Overview and Level Annotations

Branches:
Dungeon (6/15)
 Temple: D:4-7

Altars:
Ashenzari
Zin

Shops:
D:1 ?   D:2 =   D:4 [   D:5 !

Annotations:
D:2 dig


Innate Abilities, Weirdness & Mutations

You cannot wear most types of armour.
You are amphibious.
You can wear up to eight rings at the same time.
Your skin changes colour to match your surroundings (Stealth+).
Your rubbery body absorbs attacks. (AC +1, EV +1)
((You are camouflaged when in or above water. (Stealth+)))
You have tentacles for arms and can constrict up to eight enemies at once.


Message History

Aim: a gnoll, wielding a +0 scythe and wearing a +0 robe (heavily wounded, 75% to hit)
The stone arrow hits the gnoll.
The gnoll is almost dead.
The gnoll shouts!
The gnoll barely misses you.
Casting: Stone Arrow (safe; 1% risk of failure)
Confirm with . or Enter, or press ? or * to list all spells.
Aiming: Stone Arrow (safe; 1% risk of failure)
Press: ? - help, Shift-Dir - straight line, f/p - gnoll
Aim: a gnoll, wielding a +0 scythe and wearing a +0 robe (almost dead, 75% to hit)
The stone arrow hits the gnoll!
You kill the gnoll!
Casting: Stone Arrow (safe; 1% risk of failure)
Confirm with . or Enter, or press ? or * to list all spells.
Aiming: Stone Arrow (safe; 1% risk of failure)
Press: ? - help, Shift-Dir - straight line, f - gnoll
Aim: a gnoll, wielding a +0 scythe and wearing a +0 robe (75% to hit)
The stone arrow hits the gnoll.
The gnoll is heavily wounded.
The gnoll closely misses you. The gnoll misses you.
Casting: Stone Arrow (safe; 1% risk of failure)
Confirm with . or Enter, or press ? or * to list all spells.
Aiming: Sandblast (safe; 1% risk of failure)
Press: ? - help, Shift-Dir - straight line, f/p - gnoll
Aim: a gnoll, wielding a +0 scythe and wearing a +0 robe (heavily wounded, 85% to hit)
The blast of sand hits the gnoll!
You kill the gnoll!
The gnoll hits you from afar with a +0 scythe!
Casting: Sandblast (safe; 1% risk of failure)
Confirm with . or Enter, or press ? or * to list all spells.
Aiming: Sandblast (safe; 1% risk of failure)
Press: ? - help, Shift-Dir - straight line, f - gnoll
Aim: a gnoll, wielding a +0 scythe and wearing a +0 robe (85% to hit)
The blast of sand hits the gnoll!
The gnoll is severely wounded.
The gnoll hits you from afar with a +0 scythe!
* * * LOW HITPOINT WARNING * * *
The gnoll barely misses you.
The gnoll hits you from afar with a +0 scythe!
You die...

........#......
......###..#..########
...........#.....#g..#
.#...............#...
.#..#............##'##
.#...............#...#
.................#g..#
##................g###
##.#.####.####.@###
#.#.# #... #..# #.#.#
#.##.#..# #...# ...
#..# ##... ._. ...#
#...###..# ##.## #..#
#..#


You could see 2 gnolls.

Vanquished Creatures
  An ogre (D:5)
  A water moccasin skeleton (D:4)
  A hound (D:5)
  A centaur zombie (D:4)
  A gnoll bouda (D:5)
  An orc priest (D:6)
  Jessica (D:2)
  A scorpion zombie (D:4)
  6 orc wizards
  A hound zombie (D:4)
  A hound skeleton (D:4)
  9 gnolls
  8 adders
  3 adder zombies (D:4)
  3 dart slugs
  2 ribbon worms
  11 orcs
  3 endoplasms
  3 giant cockroaches
  8 goblins
  10 hobgoblins
  4 jackals (D:2)
  5 quokkas
  10 ball pythons
  6 bats
  3 frilled lizards
  6 kobolds
  6 rats
116 creatures vanquished.

Vanquished Creatures (collateral kills)
  A gnoll (D:5)
  2 boulders (D:5)
3 creatures vanquished.

Grand Total: 119 creatures vanquished

Notes
Turn   | Place    | Note
-------+----------+-------------------------------------------
     0 | D:1      | mainiacjoe the Octopode Earth Elementalist began the quest
                  | for the Orb.
     0 | D:1      | Reached XP level 1. HP: 11/11 MP: 3/3
   192 | D:1      | Reached XP level 2. HP: 17/17 MP: 3/5
   766 | D:1      | Reached XP level 3. HP: 21/21 MP: 0/6
   770 | D:1      | Learned a level 3 spell: Stone Arrow
   853 | D:1      | Found Kimm's Magic Scroll Shoppe.
   861 | D:1      | Bought a scroll of identify for 24 gold pieces
   861 | D:1      | Bought a scroll of noise for 12 gold pieces
  1142 | D:2      | Noticed Jessica
  1143 | D:2      | Killed Jessica
  1144 | D:2      | Reached XP level 4. HP: 27/27 MP: 5/7
  1604 | D:2      | Found Dycu's Jewellery Shoppe.
  1642 | D:2      | Found a broken altar of Ashenzari.
  2008 | D:3      | Reached XP level 5. HP: 31/31 MP: 6/9
  2608 | D:4      | Learned a level 4 spell: Brom's Barrelling Boulder
  2727 | D:4      | Reached XP level 6. HP: 34/36 MP: 7/10
  3209 | D:4      | Reached skill level 5 in Stealth
  3486 | D:4      | Found Yhices's Antique Armour Boutique.
  3534 | D:4      | Reached XP level 7. HP: 39/41 MP: 1/12
  3663 | D:5      | Entered Level 5 of the Dungeon
  3663 | D:5      | Found Ofrat's Distillery.
  3666 | D:5      | Bought 2 potions of heal wounds for 120 gold pieces
  3666 | D:5      | Bought a potion of lignification for 36 gold pieces
  3690 | D:5      | You fall into a shaft and drop 1 floor!
  3757 | D:6      | Identified a scroll of acquirement
  3758 | D:6      | Acquired the ring "Wynnaro" {^Drain rN+ MP+9 Slay+3}
  3924 | D:5      | Reached skill level 5 in Earth Magic
  3965 | D:5      | Reached skill level 5 in Conjurations
  4035 | D:5      | Found a glowing silver altar of Zin.
  4058 | D:5      | HP: 1/41 [gnoll/+0 scythe (15)]
  4058 | D:5      | Mangled by a gnoll

Illustrated notes

Levels and vault maps discovered:
D:1:      dpeg_arrival_chambers_temple_mockup, layout_basic, serial_shops, shop
D:2:      layout_loops_ring, basic_altar, serial_shops, shop,
          due_unseen_surprise, uniq_jessica
D:3:      layout_rooms, wander_ebering_terrifying_dragon_lair
D:4:      layout_basic, serial_shops, shop, serial_undead, serial_undead_f,
          serial_undead_e, serial_undead_a, serial_undead_c
D:5:      layout_cave_pools, nicolae_overflow_crystal_walls, serial_shops,
          nicolae_stop_n_shop_2, shop, sigmund_army
D:6:      layout_loops_cross, minmay_temple_entry_arrows, lightli_corner_chamber

Skill      XL: |  1  2  3  4  5  6  7 |
---------------+----------------------+-----
Stealth        | 3 4 5 |  5.0
Conjurations   | 2 3 4 5 |  5.3
Spellcasting   | 3 4 |  4.0
Earth Magic    | 4 5 |  5.2
Dodging        | |  2.0

Action                     |  1- 3 |  4- 6 |  7- 9 || total
---------------------------+-------+-------+-------++-------
  Melee: Spear             |       |     1 |       ||     1
         Short sword       |       |    21 |     7 ||    28
         Tentacles         |       |     7 |     3 ||    10
         Constrict         |       |     5 |     2 ||     7
         Punch             |       |       |     1 ||     1
   Fire: Sling             |       |    10 |     2 ||    12
         Arbalest          |       |       |     2 ||     2
   Cast: Sandblast         |    37 |   104 |    14 ||   155
         Stone Arrow       |       |     7 |    16 ||    23
         Brom's Barrelling |       |       |     2 ||     2
    Use: Scroll            |     3 |    10 |     3 ||    16
   Stab: Sleeping          |       |     2 |       ||     2
 Armour: Skin              |     2 |    35 |     9 ||    46
  Dodge: Dodged            |     1 |    38 |     9 ||    48
